| TOP OF THE 1ST |
|
University of Michigan Wolverines batting - Pitching for Oklahoma State University Cowboys : RHP Rich May
|
|
Pitching: RHP Rich May
|
|
|
Batting: RHB Gerard Gordijn
|
0-0: Ball 1-0: Ball 2-0: Ball 3-0: Called Strike 3-1: Base on Balls
|
|
Batting: RHB Chris Williamson
|
0-0: Fly out, F8 (Flyball, 8LXD, EV 76.2 MPH)
|
|
Batting: RHB Walter Fisher
|
0-0: TRIPLE (Line Drive, 9D, EV 108.8 MPH) Gerard Gordijn scores
|
|
Batting: RHB Mike Harden
|
0-0: Called Strike 0-1: Ground out 6-3 (Groundball, 6, EV 103.1 MPH) Walter Fisher scores
|
|
Batting: RHB Remie Braakman
|
0-0: Ball 1-0: Swinging Strike 1-1: Ground out 4-3 (Groundball, 4, EV 82.5 MPH)
|
| Top of the 1st over - 2 runs, 1 hit, 0 errors, 0 left on base; University of Michigan 2 - Oklahoma State University 0 |
| BOTTOM OF THE 1ST |
|
Oklahoma State University Cowboys batting - Pitching for University of Michigan Wolverines : RHP Danny Arroyo
|
|
Pitching: RHP Danny Arroyo
|
|
|
Batting: RHB Frederik Koster
|
0-0: Ball 1-0: Ball 2-0: Called Strike 2-1: Called Strike 2-2: Foul Ball, location: 2F 2-2: Strikes out swinging
|
|
Batting: LHB Dwayne Roche
|
0-0: Called Strike 0-1: Ball 1-1: Ball 2-1: Swinging Strike 2-2: Ball 3-2: Ground out 4-3 (Groundball, 34, EV 103.1 MPH)
|
|
Batting: LHB Kyle David
|
0-0: Swinging Strike 0-1: Swinging Strike 0-2: Strikes out swinging
|
| Bottom of the 1st over - 0 runs, 0 hits, 0 errors, 0 left on base; University of Michigan 2 - Oklahoma State University 0 |
| TOP OF THE 2ND |
|
University of Michigan Wolverines batting - Pitching for Oklahoma State University Cowboys : RHP Rich May
|
|
Batting: SHB Phillip Blake
|
0-0: Called Strike 0-1: Ball 1-1: Ball 2-1: Swinging Strike 2-2: Foul Ball, location: 2F 2-2: Foul Ball, location: 2F 2-2: Foul Ball, location: 2F 2-2: Foul Ball, location: 2F 2-2: Ground out U3 (Groundball, 3, EV 87.5 MPH)
|
|
Batting: LHB Murdock Cranton
|
0-0: Ground out U3 (Groundball, 3L, EV 105.0 MPH)
|
|
Batting: RHB Cesar Rubio
|
0-0: Called Strike 0-1: Ground out 6-3 (Groundball, 6, EV 82.5 MPH)
|
| Top of the 2nd over - 0 runs, 0 hits, 0 errors, 0 left on base; University of Michigan 2 - Oklahoma State University 0 |
| BOTTOM OF THE 2ND |
|
Oklahoma State University Cowboys batting - Pitching for University of Michigan Wolverines : RHP Danny Arroyo
|
|
Batting: LHB Jeff Williams
|
0-0: Ball 1-0: Ball 2-0: Ball 3-0: Base on Balls
|
|
Batting: LHB Cory Rohr
|
0-0: Called Strike 0-1: Called Strike 0-2: Foul Ball, location: 2F 0-2: Ball 1-2: Strikes out looking
|
|
Batting: RHB Simon Gravitt
|
0-0: Foul Ball, location: 2F 0-1: Ball 1-1: Fielders Choice at 2nd, 4-6 (Groundball, 4, EV 86.9 MPH)
|
|
Batting: RHB Julio Marquez
|
0-0: Ball 1-0: Reached via error on a dropped throw from 2B, E3 (Groundball, 4, EV 91.2 MPH) Simon Gravitt to second
|
|
Batting: RHB Rory Cardosi
|
0-0: Fly out, F8 (Flyball, 8RS, EV 88.1 MPH)
|
| Bottom of the 2nd over - 0 runs, 0 hits, 1 error, 2 left on base; University of Michigan 2 - Oklahoma State University 0 |
| TOP OF THE 3RD |
|
University of Michigan Wolverines batting - Pitching for Oklahoma State University Cowboys : RHP Rich May
|
|
Batting: LHB Lance Sabo
|
0-0: Called Strike 0-1: Foul Ball, location: 2F 0-2: Ground out 5-3 (Groundball, 56S, EV 82.5 MPH)
|
|
Batting: RHB Gerard Gordijn
|
0-0: Foul Ball, location: 2F 0-1: Ball 1-1: Foul Ball, location: 2F 1-2: Strikes out swinging
|
|
Batting: RHB Chris Williamson
|
0-0: Ball 1-0: Ball 2-0: Called Strike 2-1: Swinging Strike 2-2: Ground out 6-3 (Groundball, 6, EV 109.4 MPH)
|
| Top of the 3rd over - 0 runs, 0 hits, 0 errors, 0 left on base; University of Michigan 2 - Oklahoma State University 0 |
| BOTTOM OF THE 3RD |
|
Oklahoma State University Cowboys batting - Pitching for University of Michigan Wolverines : RHP Danny Arroyo
|
|
Batting: LHB Steve Kimbler
|
0-0: Foul Ball, location: 2F 0-1: Ground out 4-3 (Groundball, 4, EV 91.2 MPH)
|
|
Batting: RHB Frederik Koster
|
0-0: Called Strike 0-1: Swinging Strike 0-2: Ball 1-2: Foul Ball, location: 2F 1-2: Ball 2-2: Ground out 4-3 (Groundball, 4, EV 81.9 MPH)
|
|
Batting: LHB Dwayne Roche
|
0-0: Called Strike 0-1: Ball 1-1: Ball 2-1: Swinging Strike 2-2: Ball 3-2: Base on Balls
|
|
Batting: LHB Kyle David
|
0-0: Ball 1-0: Foul Ball, location: 2F 1-1: Swinging Strike 1-2: Foul Ball, location: 2F 1-2: Strikes out swinging
|
| Bottom of the 3rd over - 0 runs, 0 hits, 0 errors, 1 left on base; University of Michigan 2 - Oklahoma State University 0 |
| TOP OF THE 4TH |
|
University of Michigan Wolverines batting - Pitching for Oklahoma State University Cowboys : RHP Rich May
|
|
Batting: RHB Walter Fisher
|
0-0: Called Strike 0-1: Ball 1-1: Called Strike 1-2: Foul Ball, location: 2F 1-2: Foul Ball, location: 2F 1-2: Foul Ball, location: 2F 1-2: Ball 2-2: Strikes out swinging
|
|
Batting: RHB Mike Harden
|
0-0: Swinging Strike 0-1: Foul Ball, location: 2F 0-2: Ball 1-2: Fly out, F8 (Flyball, 8RS, EV 89.4 MPH)
|
|
Batting: RHB Remie Braakman
|
0-0: Ball 1-0: Ball 2-0: SINGLE (Line Drive, 7S, EV 110.6 MPH)
|
|
Batting: SHB Phillip Blake
|
0-0: Ball 1-0: Ball 2-0: Ball 3-0: Called Strike 3-1: Swinging Strike 3-2: Foul Ball, location: 2F 3-2: Fly out, F9 (Flyball, 9D, EV 93.8 MPH)
|
| Top of the 4th over - 0 runs, 1 hit, 0 errors, 1 left on base; University of Michigan 2 - Oklahoma State University 0 |
| BOTTOM OF THE 4TH |
|
Oklahoma State University Cowboys batting - Pitching for University of Michigan Wolverines : RHP Danny Arroyo
|
|
Batting: LHB Jeff Williams
|
0-0: Foul Ball, location: 2F 0-1: Foul Ball, location: 2F 0-2: Ground out 6-3 (Groundball, 6, EV 91.2 MPH)
|
|
Batting: LHB Cory Rohr
|
0-0: Ball 1-0: Fly out, F9 (Flyball, 89S, EV 96.2 MPH)
|
|
Batting: RHB Simon Gravitt
|
0-0: Ball 1-0: Called Strike 1-1: Foul Ball, location: 2F 1-2: Strikes out looking
|
| Bottom of the 4th over - 0 runs, 0 hits, 0 errors, 0 left on base; University of Michigan 2 - Oklahoma State University 0 |
| TOP OF THE 5TH |
|
University of Michigan Wolverines batting - Pitching for Oklahoma State University Cowboys : RHP Rich May
|
|
Batting: LHB Murdock Cranton
|
0-0: Fly out, F9 (Flyball, 9LSF, EV 100.6 MPH)
|
|
Batting: RHB Cesar Rubio
|
0-0: Called Strike 0-1: Ball 1-1: Ball 2-1: Ground out 6-3 (Groundball, 6, EV 98.8 MPH)
|
|
Batting: LHB Lance Sabo
|
0-0: Called Strike 0-1: Ball 1-1: Ball 2-1: Called Strike 2-2: Fly out, F6 (Popup, 15, EV 81.2 MPH)
|
| Top of the 5th over - 0 runs, 0 hits, 0 errors, 0 left on base; University of Michigan 2 - Oklahoma State University 0 |
| BOTTOM OF THE 5TH |
|
Oklahoma State University Cowboys batting - Pitching for University of Michigan Wolverines : RHP Danny Arroyo
|
|
Batting: RHB Julio Marquez
|
0-0: Ball 1-0: Ground out 6-3 (Groundball, 6, EV 83.1 MPH)
|
|
Batting: RHB Rory Cardosi
|
0-0: Foul Ball, location: 2F 0-1: Ball 1-1: Ball 2-1: Swinging Strike 2-2: Foul Ball, location: 2F 2-2: Ball 3-2: Foul Ball, location: 2F 3-2: Strikes out looking
|
|
Batting: LHB Steve Kimbler
|
0-0: Ball 1-0: Called Strike 1-1: Swinging Strike 1-2: Foul Ball, location: 2F 1-2: Ground out 4-3 (Groundball, 4, EV 80.6 MPH)
|
| Bottom of the 5th over - 0 runs, 0 hits, 0 errors, 0 left on base; University of Michigan 2 - Oklahoma State University 0 |
| TOP OF THE 6TH |
|
University of Michigan Wolverines batting - Pitching for Oklahoma State University Cowboys : RHP Rich May
|
|
Batting: RHB Gerard Gordijn
|
0-0: SOLO HOME RUN (Flyball, 7D, EV 98.1 MPH), Distance : 387 ft
|
|
Batting: RHB Chris Williamson
|
0-0: Called Strike 0-1: Ball 1-1: Ball 2-1: Ground out 2-3 (Groundball, 15S, EV 73.1 MPH)
|
|
Batting: RHB Walter Fisher
|
0-0: Ball 1-0: Called Strike 1-1: Ball 2-1: Ball 3-1: Foul Ball, location: 2F 3-2: Fly out, F8 (Flyball, 8LS, EV 88.8 MPH)
|
|
Batting: RHB Mike Harden
|
0-0: DOUBLE (Groundball, 5L, EV 103.1 MPH)
|
|
Pitching: RHP Lisiate Iugini
|
|
|
Batting: RHB Remie Braakman
|
0-0: Fly out, F8 (Flyball, 89D, EV 101.2 MPH)
|
| Top of the 6th over - 1 run, 2 hits, 0 errors, 1 left on base; University of Michigan 3 - Oklahoma State University 0 |
| BOTTOM OF THE 6TH |
|
Oklahoma State University Cowboys batting - Pitching for University of Michigan Wolverines : RHP Danny Arroyo
|
|
Batting: RHB Frederik Koster
|
0-0: Called Strike 0-1: Ball 1-1: Swinging Strike 1-2: Ball 2-2: Ball 3-2: Ground out 5-3 (Groundball, 56, EV 92.5 MPH)
|
|
Batting: LHB Dwayne Roche
|
0-0: Called Strike 0-1: Called Strike 0-2: Foul Ball, location: 2F 0-2: Hit by Pitch
|
|
Batting: LHB Kyle David
|
0-0: Ball 1-0: Ball Dwayne Roche steals 2nd base 2-0: Called Strike 2-1: Ground out 4-3 (Groundball, 4, EV 86.9 MPH) Dwayne Roche to third
|
|
Pitching: RHP Dave Catano
|
|
|
Batting: LHB Jeff Williams
|
0-0: Ball Wild Pitch! Dwayne Roche scores 1-0: Ball 2-0: Foul Ball, location: 2F 2-1: Foul Ball, location: 2F 2-2: Foul Ball, location: 2F 2-2: Ground out 6-3 (Groundball, 6, EV 86.9 MPH)
|
| Bottom of the 6th over - 1 run, 0 hits, 0 errors, 0 left on base; University of Michigan 3 - Oklahoma State University 1 |
| TOP OF THE 7TH |
|
University of Michigan Wolverines batting - Pitching for Oklahoma State University Cowboys : RHP Lisiate Iugini
|
|
Batting: SHB Phillip Blake
|
0-0: Ball 1-0: Ball 2-0: Swinging Strike 2-1: Called Strike 2-2: Strikes out swinging
|
|
Batting: LHB Murdock Cranton
|
0-0: Ball 1-0: Ball 2-0: SOLO HOME RUN (Line Drive, 9D, EV 100.6 MPH), Distance : 380 ft
|
|
Batting: RHB Cesar Rubio
|
0-0: Ball 1-0: Called Strike 1-1: Swinging Strike 1-2: Ball 2-2: SINGLE (Groundball, 6MD, EV 96.2 MPH)
|
|
Batting: LHB Lance Sabo
|
0-0: Called Strike 0-1: Ball 1-1: Called Strike 1-2: Ball 2-2: Strikes out swinging
|
|
Batting: RHB Gerard Gordijn
|
0-0: Called Strike 0-1: Ball 1-1: Called Strike 1-2: Fielders Choice at 2nd, U6 (Groundball, 6M, EV 96.9 MPH)
|
| Top of the 7th over - 1 run, 2 hits, 0 errors, 1 left on base; University of Michigan 4 - Oklahoma State University 1 |
| BOTTOM OF THE 7TH |
|
Oklahoma State University Cowboys batting - Pitching for University of Michigan Wolverines : RHP Dave Catano
|
|
Batting: LHB Cory Rohr
|
0-0: Ground out 6-3 (Groundball, 6, EV 84.4 MPH)
|
|
Batting: RHB Simon Gravitt
|
0-0: Fly out, F3 (Line Drive, 3, EV 70.6 MPH)
|
|
Batting: RHB Julio Marquez
|
0-0: Called Strike 0-1: Foul Ball, location: 2F 0-2: Strikes out looking
|
| Bottom of the 7th over - 0 runs, 0 hits, 0 errors, 0 left on base; University of Michigan 4 - Oklahoma State University 1 |
| TOP OF THE 8TH |
|
University of Michigan Wolverines batting - Pitching for Oklahoma State University Cowboys : RHP Lisiate Iugini
|
|
Pitching: RHP Mick Conner
|
|
|
Batting: RHB Chris Williamson
|
0-0: Called Strike 0-1: Ball 1-1: Called Strike 1-2: SINGLE (Flyball, 89S, EV 98.1 MPH)
|
|
Batting: RHB Walter Fisher
|
0-0: Swinging Strike 0-1: Ball 1-1: Ball 2-1: Foul Ball, location: 2F 2-2: Ball 3-2: Fly out, F9 (Flyball, 9LS, EV 88.8 MPH)
|
|
Batting: RHB Mike Harden
|
0-0: Ball 1-0: Ball 2-0: Ball 3-0: Called Strike 3-1: Base on Balls Chris Williamson to second
|
|
Batting: RHB Remie Braakman
|
0-0: Ball Wild Pitch! Chris Williamson to third Mike Harden to second 1-0: Ball 2-0: Ball 3-0: Called Strike 3-1: Ground out 5-3 (Groundball, 56S, EV 67.5 MPH) Chris Williamson scores Mike Harden to third
|
|
Pitching: RHP Dallas White
|
|
|
Batting: SHB Phillip Blake
|
0-0: Called Strike 0-1: Fly out, F4 (Popup, 23, EV 85.0 MPH)
|
| Top of the 8th over - 1 run, 1 hit, 0 errors, 1 left on base; University of Michigan 5 - Oklahoma State University 1 |
| BOTTOM OF THE 8TH |
|
Oklahoma State University Cowboys batting - Pitching for University of Michigan Wolverines : RHP Dave Catano
|
|
Pitching: RHP Dave Bressler
|
|
|
Batting: RHB Rory Cardosi
|
0-0: Ball 1-0: Called Strike 1-1: Fly out, F9 (Flyball, 9, EV 84.4 MPH)
|
|
Batting: LHB Steve Kimbler
|
0-0: Called Strike 0-1: Ball 1-1: Foul Ball, location: 2F 1-2: Ball 2-2: Fly out, F7 (Flyball, 7, EV 92.5 MPH)
|
|
Batting: RHB Frederik Koster
|
0-0: DOUBLE (Line Drive, 3D, EV 104.4 MPH)
|
|
Batting: LHB Dwayne Roche
|
0-0: Ball 1-0: Called Strike 1-1: Called Strike 1-2: Ball 2-2: Ball 3-2: Base on Balls
|
|
Batting: LHB Kyle David
|
0-0: Ball 1-0: Ball 2-0: Ball 3-0: Base on Balls Frederik Koster to third Dwayne Roche to second
|
|
Pitching: LHP Danny Warner
|
|
|
Batting: LHB Jeff Williams
|
0-0: Ball 1-0: Fly out, F9 (Flyball, 9, EV 93.1 MPH)
|
| Bottom of the 8th over - 0 runs, 1 hit, 0 errors, 3 left on base; University of Michigan 5 - Oklahoma State University 1 |
| TOP OF THE 9TH |
|
University of Michigan Wolverines batting - Pitching for Oklahoma State University Cowboys : RHP Dallas White
|
|
Batting: LHB Murdock Cranton
|
0-0: Ball 1-0: Ball 2-0: Ball 3-0: SOLO HOME RUN (Flyball, 89XD, EV 111.9 MPH), Distance : 422 ft
|
|
Pinch Hitting: LHB Dakota Kaempf
|
0-0: Called Strike 0-1: Foul Ball, location: 2F 0-2: Ball 1-2: Ball 2-2: Fly out, F8 (Flyball, 8RM, EV 89.4 MPH)
|
|
Batting: LHB Lance Sabo
|
0-0: Foul Ball, location: 2F 0-1: SINGLE (Line Drive, 6MD, EV 93.8 MPH)
|
|
Batting: RHB Gerard Gordijn
|
0-0: Ball 1-0: Foul Ball, location: 2F 1-1: Ball 2-1: Foul Ball, location: 2F 2-2: Foul Ball, location: 2F 2-2: Foul Ball, location: 2F 2-2: Fly out, F8 (Flyball, 8RD, EV 98.1 MPH)
|
|
Batting: RHB Chris Williamson
|
0-0: Fly out, F7 (Flyball, 7, EV 89.4 MPH)
|
| Top of the 9th over - 1 run, 2 hits, 0 errors, 1 left on base; University of Michigan 6 - Oklahoma State University 1 |
| BOTTOM OF THE 9TH |
|
Oklahoma State University Cowboys batting - Pitching for University of Michigan Wolverines : LHP Danny Warner
|
|
Now at 3B: Angus Shanahan
|
|
|
Batting: LHB Cory Rohr
|
0-0: Foul Ball, location: 2F 0-1: Foul Ball, location: 2F 0-2: Ball 1-2: Foul Ball, location: 2F 1-2: SINGLE (Line Drive, 8LS, EV 107.5 MPH)
|
|
Pitching: RHP Orlando Huizar
|
|
|
Batting: RHB Simon Gravitt
|
0-0: Ball 1-0: Called Strike 1-1: SINGLE (Groundball, 4MD, EV 108.1 MPH) Cory Rohr to second
|
|
Batting: RHB Julio Marquez
|
0-0: Grounds into double play, 1-6-3 (Groundball, 23, EV 71.2 MPH) Cory Rohr to third
|
|
Batting: RHB Rory Cardosi
|
0-0: Ball 1-0: Ball 2-0: Called Strike 2-1: Foul Ball, location: 2F 2-2: Ball 3-2: Base on Balls
|
|
Batting: LHB Steve Kimbler
|
0-0: Ball 1-0: Ball 2-0: Ball 3-0: Base on Balls Rory Cardosi to second
|
|
Batting: RHB Frederik Koster
|
0-0: Ball 1-0: Called Strike 1-1: Ground out U3 (Groundball, 3, EV 87.5 MPH)
|
| Bottom of the 9th over - 0 runs, 2 hits, 0 errors, 3 left on base; University of Michigan 6 - Oklahoma State University 1 |
|